[Event "ICC tourney 2063 (7 2)"]
[Site "Internet Chess Club"]
[Date "2020.10.16"]
[Round "6"]
[White "JGroder"]
[Black "Tacticsguy52"]
[Result "1-0"]
[ICCResult "Black resigns"]
[WhiteElo "1612"]
[BlackElo "1538"]
[Opening "Ruy Lopez: Morphy defense"]
[ECO "C77"]
[NIC "RL.12"]
[Time "22:08:54"]
[TimeControl "420+2"]

1. e4 e5 2. Nf3 Nc6 3. Bb5 a6 4. Ba4 Nf6 5. c3 b5 6. Bc2 Be7 7. a4 Bb7 8. d3
d6 9. h3 O-O 10. O-O Re8 11. b4 Qd7 12. Bb2 h6 13. Nbd2 Nd8 14. axb5 axb5
15. Rxa8 Bxa8 16. Re1 Ne6 17. Qe2 Nf4 18. Qe3 Nh7 19. d4 Qe6 20. dxe5 dxe5
21. Bb3 Qg6 22. g3 Nxh3+ 23. Kg2 N3g5 24. Nxe5 Qd6 25. f4 Rd8 26. Re2 Bf6
27. Ndf3 Ne6 28. Nd4 Bxe5 29. fxe5 Qxe5 30. Nxe6 fxe6 31. Qf4 Qd6 32. Qxd6
Rxd6 33. Bc1 Ng5 34. Kh2 Nxe4 35. Bf4 Nxc3 36. Rxe6 Rxe6 37. Bxe6+ Kh7 38.
Bxc7 Na2 39. Bxa2 Kg6 40. Bb1+ Kf6 41. Bd3 Bc6 42. Bb6 g6 43. Bd4+ Kg5 44.
Kh3 Bd7+ 45. Kg2 h5 46. Be3+ Kf6 47. Kf2 g5 48. Bd4+ Ke6 49. Bg6 h4 50. gxh4
gxh4 51. Bc5 Kd5 52. Kg2 Bc8 53. Kh2 Bd7 54. Bh5 Bc8 55. Bf3+ Kc4 56. Bg2
Bd7 57. Bh3 Bc6 58. Bg4 Be4 59. Kh3 Bc2 60. Kxh4 Bd3 61. Kg5 Kb3 62. Kf4 Ka4
63. Bd1+ Ka3 64. Ke3 Bc4 65. Kd4 Kb2 66. Bg4 Ka3 67. Bf5 Ka4 68. Bd3 Bf7 69.
Ke5 Bb3 70. Kd6 Bf7 71. Kc6 Be8+ 72. Kb6 Bd7 73. Bc2+ Ka3 74. Bd3 Ka4 75.
Bf1 Be8 76. Ka6 Bd7 77. Bf8 Be8 78. Kb6 Bd7 79. Kc5 Be8 80. Bd3 Bd7 81. Bc2+
Ka3 82. Bg7 Be8 83. Bd1 Bd7 84. Bf8 Be8 85. Kb6 Bd7 86. Kc7 Be8 87. Kd8 Bc6
88. Be2 Ka4 89. Bc5 Ka3 90. Bd3 Ka4 91. Kc7 Be8 92. Be4 Ka3 93. Bc6 Bg6 94.
Bxb5 Be4 95. Bc6 Bd3 96. b5+ Ka4 97. b6+ Ka5 98. b7 Ba6 99. Bb6+ Kb4 100.
b8=Q Bb7 {Black resigns} 1-0

[Event "ICC tourney 2063 (7 2)"]
[Site "Internet Chess Club"]
[Date "2020.10.16"]
[Round "6"]
[White "clair"]
[Black "spellking98"]
[Result "0-1"]
[ICCResult "White forfeits on time"]
[WhiteElo "1264"]
[BlackElo "1767"]
[Opening "Queen's pawn: London system"]
[ECO "A45"]
[NIC "QP.07"]
[Time "22:08:18"]
[TimeControl "420+2"]

1. d4 Nf6 2. Bf4 g6 3. Nc3 d5 4. e3 Bg7 5. Be2 O-O 6. h4 c5 7. h5 Nc6 8.
hxg6 hxg6 9. Nf3 Ne4 10. Bh6 Qa5 11. Bxg7 Kxg7 12. dxc5 Nxc3 13. bxc3 Qxc3+
14. Kf1 Rh8 15. Rxh8 Kxh8 16. Rb1 Kg7 17. Qxd5 Be6 18. Qd3 Qxc5 19. Rxb7 Rd8
20. Qb5 Qxc2 21. Qb2+ Qxb2 22. Rxb2 a5 23. a3 Bd5 24. Ke1 Kf6 25. Rb6 e6 26.
Bb5 Rb8 27. Rxb8 Nxb8 28. Kd2 g5 29. Bf1 Nc6 30. Nd4 Nxd4 31. exd4 g4 32. g3
Ke7 33. Kc3 f5 34. Be2 Kd6 35. Bd1 Kc6 36. Ba4+ Kb6 37. Bd7 Kc7 38. Ba4 Kb6
39. Bd7 Kc7 40. Ba4 Kd6 41. Bd1 Kc7 42. a4 Kd6 43. Be2 Ba2 44. Bb5 Kd5 45.
Be2 Ke4 46. Kb2 Bd5 47. Kc3 e5 48. dxe5 Kxe5 49. Bd3 Be6 50. Kd2 f4 51.
gxf4+ Kxf4 52. Be2 Bd7 53. Kc3 Bxa4 54. Kd2 Bd7 55. Ke1 Ke5 56. Bd1 Kd4 57.
f3 g3 58. Kf1 Ke3 59. Kg2 Kf4 60. Be2 a4 61. Bc4 a3 62. Ba2 Bc6 63. Bb3
Bxf3+ 64. Kg1 g2 65. Ba2 Ke3 66. Bb3 Kd2 67. Ba2 Kc3 68. Kf2 Bc6 69. Kg1 Kb2
70. Bg8 Ba4 71. Kxg2 Bb3 72. Bh7 a2 73. Kg3 a1=Q 74. Be4 Qg1+ 75. Kf4 Qf2+
76. Ke5 Kc3 {White forfeits on time} 0-1

[Event "ICC tourney 2063 (7 2)"]
[Site "Internet Chess Club"]
[Date "2020.10.16"]
[Round "6"]
[White "josechess99"]
[Black "IndianTerritory"]
[Result "0-1"]
[ICCResult "White resigns"]
[WhiteElo "2527"]
[BlackElo "1787"]
[Opening "Caro-Kann: exchange variation"]
[ECO "B13"]
[NIC "CK.02"]
[Time "22:08:26"]
[TimeControl "420+2"]

1. e4 c6 2. d4 d5 3. exd5 cxd5 4. Bd3 Nc6 5. c3 Nf6 6. h3 e5 7. dxe5 Nxe5 8.
Bb5+ Bd7 9. Bxd7+ Qxd7 10. Nf3 Nxf3+ 11. Qxf3 Qe6+ 12. Qe2 Bc5 13. Nd2 O-O
14. Qxe6 fxe6 15. Ke2 e5 16. Nb3 Bb6 17. Be3 Bc7 18. Nc5 Rae8 19. Rad1 b6
20. Nb3 Rc8 21. Rhf1 Kh8 22. Kd3 Bd6 23. f4 e4+ 24. Kc2 Rce8 25. g4 Rf7 26.
a4 Kg8 27. f5 h6 28. Nd4 Bc5 29. b4 Bd6 30. Kb3 Rc8 31. b5 Bc5 32. Bf4 Bxd4
33. Rxd4 Re7 34. Re1 Kf7 35. Bd6 Ree8 36. Re2 Rcd8 37. Bf4 Rd7 38. Kb2 Rde7
39. Re3 Rc8 40. Re1 Ree8 41. Re2 Re7 42. Rg2 Rce8 43. Be3 Rc7 44. h4 Rc4 45.
g5 Rxd4 46. cxd4 hxg5 47. hxg5 Nh5 48. Rc2 Ng3 49. Rc7+ Re7 50. g6+ Kf8 51.
Rc8+ Re8 52. Rc7 Re7 53. Rc8+ Re8 54. Rc2 Kg8 55. f6 gxf6 56. Rc7 Nf5 57.
Bd2 e3 58. Be1 Re7 59. Rc6 Kg7 60. Kc3 e2 61. Kd3 Kxg6 62. Rc8 Re3+ 63. Kd2
Re4 64. Rc7 Nxd4 65. Kd3 Nf3 66. Bf2 e1=Q 67. Bxe1 Nxe1+ 68. Kd2 Nf3+ 69.
Kc3 Rc4+ 70. Rxc4 dxc4 71. Kxc4 Ne5+ 72. Kd5 Kf5 73. Kd6 Nc4+ 74. Kc7 Nb2
75. a5 bxa5 76. Kb7 Nc4 77. b6 Nxb6 78. Kb8 a4 79. Kb7 a3 80. Kb8 a2 81. Kb7
a1=Q 82. Kb8 Qe5+ 83. Kb7 Qe7+ 84. Kb8 Qd8+ 85. Kb7 Qd7+ 86. Kb8 Nd5 87. Ka8
Nc7+ 88. Kb8 Qb5+ 89. Kc8 Qa6+ 90. Kb8 Qb7+ 91. Kxb7 Ke4 92. Kc6 f5 93. Kc5
f4 94. Kc4 Ke3 95. Kc3 f3 96. Kc2 f2 97. Kc3 f1=Q 98. Kb4 Qb5+ 99. Ka3 Nd5
100. Ka2 Kd2 101. Ka3 Kc2 {White resigns} 0-1

[Event "ICC tourney 2063 (7 2)"]
[Site "Internet Chess Club"]
[Date "2020.10.16"]
[Round "7"]
[White "TjkTiger"]
[Black "Openyagami"]
[Result "1-0"]
[ICCResult "Black checkmated"]
[WhiteElo "2267"]
[BlackElo "2720"]
[Opening "English: symmetrical variation"]
[ECO "A37"]
[NIC "EO.28"]
[Time "22:31:38"]
[TimeControl "420+2"]

1. c4 c5 2. g3 Nc6 3. Bg2 g6 4. Nc3 Bg7 5. Nf3 d6 6. O-O Bf5 7. h3 Nf6 8. d3
O-O 9. Be3 e5 10. Qd2 Rb8 11. Bh6 Nd4 12. Nh2 Qd7 13. Bxg7 Kxg7 14. g4 Be6
15. f4 exf4 16. Qxf4 Qe7 17. e3 Nc6 18. b3 Rbe8 19. d4 Bc8 20. Rae1 cxd4 21.
exd4 Qxe1 22. Qxf6+ Kg8 23. Rxe1 Rxe1+ 24. Kf2 Rfe8 25. Bd5 R8e7 26. Nf3 Rc1
27. Bxc6 Rc2+ 28. Kg3 Re3 29. Nd5 Ree2 30. Ne7+ Kf8 31. Ng5 Rc3+ 32. Kh4
Rxe7 33. Qh8# {Black checkmated} 1-0

[Event "ICC tourney 2063 (7 2)"]
[Site "Internet Chess Club"]
[Date "2020.10.16"]
[Round "7"]
[White "KnightHopper"]
[Black "Tacticsguy52"]
[Result "1-0"]
[ICCResult "Black checkmated"]
[WhiteElo "1800"]
[BlackElo "1532"]
[Opening "Danish gambit"]
[ECO "C21"]
[NIC "KP.04"]
[Time "22:31:31"]
[TimeControl "420+2"]

1. e4 e5 2. d4 exd4 3. c3 dxc3 4. Bc4 Nf6 5. Nxc3 Bc5 6. e5 Qe7 7. Qe2 Ng8
8. Nf3 Nc6 9. O-O d6 10. Nd5 Qd8 11. exd6+ Be6 12. Nxc7+ Kf8 13. Bxe6 Bxd6
14. Nxa8 fxe6 15. Qxe6 Nf6 16. Rd1 Bxh2+ 17. Kxh2 Qxd1 18. Bf4 Ng4+ 19. Qxg4
Qxa1 20. Bd6+ Kf7 21. Qf5+ Ke8 22. Qe6+ Kd8 23. Bc7# {Black checkmated} 1-0

[Event "ICC tourney 2063 (7 2)"]
[Site "Internet Chess Club"]
[Date "2020.10.16"]
[Round "7"]
[White "spellking98"]
[Black "JGroder"]
[Result "1-0"]
[ICCResult "Black checkmated"]
[WhiteElo "1779"]
[BlackElo "1604"]
[Opening "Sicilian defense"]
[ECO "B20"]
[NIC "SI.48"]
[Time "22:31:27"]
[TimeControl "420+2"]

1. e4 c5 2. b3 Nc6 3. Bb2 Nf6 4. Nc3 e6 5. f4 d5 6. e5 Nd7 7. g3 a6 8. Bg2
Rb8 9. a4 f6 10. exf6 Nxf6 11. Nge2 Bd6 12. O-O O-O 13. h3 h5 14. d4 cxd4
15. Nxd4 Bc5 16. Ne2 Qb6 17. Kh2 Nxd4 18. Nxd4 Bd7 19. Nf3 Be8 20. Ne5 Rc8
21. g4 hxg4 22. hxg4 Nd7 23. Nxd7 Bxd7 24. Qd3 Bd6 25. a5 Qb5 26. Qd4 e5 27.
fxe5 Bb8 28. Bxd5+ Kh7 29. Qe4+ g6 30. Bc4 Qc6 31. Qxc6 Bxc6 32. Rxf8 Rxf8
33. Rf1 Rxf1 34. Bxf1 Be4 35. c4 Bc7 36. b4 Kg8 37. Kg3 g5 38. Kf2 Kf7 39.
Ke3 Bc6 40. b5 Bh1 41. b6 Bd8 42. Be2 Bc6 43. Bf3 Bxf3 44. Kxf3 Ke6 45. Bd4
Be7 46. c5 Kd5 47. Ke3 Bf8 48. e6 Kxe6 49. c6 bxc6 50. b7 Bd6 51. Ba7 Bc7
52. b8=Q Bb6+ 53. Bxb6 Kd5 54. Kd3 Ke6 55. Ke4 Kf7 56. Qc7+ Kg6 57. Qxc6+
Kh7 58. Kf5 Kg8 59. Kg6 Kf8 60. Bc5+ Kg8 61. Qe8# {Black checkmated} 1-0

[Event "ICC tourney 2063 (7 2)"]
[Site "Internet Chess Club"]
[Date "2020.10.16"]
[Round "7"]
[White "Ben2008"]
[Black "clair"]
[Result "1-0"]
[ICCResult "Black resigns"]
[WhiteElo "1431"]
[BlackElo "1255"]
[Opening "Robatsch (modern) defense"]
[ECO "B06"]
[NIC "KF.05"]
[Time "22:31:42"]
[TimeControl "420+2"]

1. e4 g6 2. d4 Bg7 3. Nf3 e6 4. c4 Ne7 5. Nc3 d5 6. Be2 dxe4 7. Nxe4 O-O 8.
O-O Nbc6 9. Bg5 h6 10. Bh4 g5 11. Bg3 Nf5 12. d5 exd5 13. cxd5 Nxg3 14. hxg3
Ne7 15. Bc4 a6 16. Rb1 b5 17. Bb3 a5 18. d6 cxd6 19. Qxd6 Bb7 20. Qxd8 Raxd8
21. Nc5 Bd5 22. Bxd5 Nxd5 23. Rfc1 Nb4 24. a3 Nd3 25. Nxd3 Rxd3 26. Rc5 Rb8
27. Ne5 Rd2 28. Nc6 Rb6 29. b4 axb4 30. axb4 Rd6 31. Ne7+ Kh7 32. Nc8 Bd4
33. Nxb6 Bxc5 34. bxc5 Rc6 35. Rxb5 f5 36. Nd5 Kg6 37. Ne7+ {Black resigns}
1-0

[Event "ICC tourney 2063 (7 2)"]
[Site "Internet Chess Club"]
[Date "2020.10.16"]
[Round "7"]
[White "IndianTerritory"]
[Black "kurumania"]
[Result "0-1"]
[ICCResult "White resigns"]
[WhiteElo "1787"]
[BlackElo "2767"]
[Opening "Sicilian: Kan, 5.Nc3"]
[ECO "B43"]
[NIC "SI.41"]
[Time "22:32:00"]
[TimeControl "420+2"]

1. e4 c5 2. Nf3 e6 3. d4 cxd4 4. Nxd4 a6 5. Nc3 Qc7 6. Be3 Nf6 7. f3 b5 8.
Be2 Bb7 9. O-O Be7 10. a3 O-O 11. Qd2 Nc6 12. Rad1 Rfd8 13. h3 d5 14. exd5
Nxd5 15. Nxd5 Rxd5 16. Qc3 Bf6 17. Rd2 Rad8 18. Rfd1 Qd7 19. Nxc6 Bxc3 20.
Rxd5 exd5 21. Nxd8 Bxb2 22. Nxb7 Qxb7 23. Bc5 Qc6 24. Bb4 g6 25. Bd3 Bc3 26.
Kf2 Qb6+ 27. Ke2 Qe6+ 28. Kf2 Bd4+ 29. Kf1 Qe3 30. Rd2 Qg1+ 31. Ke2 Qxg2+
32. Kd1 Qh1+ 33. Ke2 Qxh3 34. c3 Be5 35. Bc5 Qg2+ 36. Bf2 Bf4 37. Rc2 Bg3
38. Ke3 Bxf2+ 39. Rxf2 Qg1 40. Ke2 h5 41. Rf1 Qh2+ 42. Rf2 Qd6 43. Ke3 Qc5+
44. Ke2 Qxa3 45. Kd2 Qb2+ 46. Bc2 d4 {White resigns} 0-1

[Event "ICC tourney 2063 (7 2)"]
[Site "Internet Chess Club"]
[Date "2020.10.16"]
[Round "7"]
[White "MrNormalName"]
[Black "challenger2010"]
[Result "0-1"]
[ICCResult "White checkmated"]
[WhiteElo "1842"]
[BlackElo "1889"]
[Opening "King's Indian: Andersson variation"]
[ECO "E92"]
[NIC "KI.18"]
[Time "22:32:26"]
[TimeControl "420+2"]

1. d4 Nf6 2. c4 g6 3. Nc3 Bg7 4. e4 d6 5. Nf3 O-O 6. Be2 e5 7. dxe5 dxe5 8.
Qxd8 Rxd8 9. Nd5 Nxd5 10. cxd5 c6 11. Bc4 b5 12. Bb3 Bb7 13. Bg5 Rd7 14. Rc1
a5 15. a4 cxd5 16. Bxd5 Bxd5 17. Rc8+ Bf8 18. Nxe5 Bb7 19. Rxb8 Rxb8 20.
Nxd7 Bb4+ 21. Ke2 Rc8 22. axb5 Rc2+ 23. Kf3 f5 24. Nf6+ Kf7 25. Rd1 Ke6 26.
Nxh7 Bxe4+ 27. Kg3 Bd6+ 28. Bf4 Bxf4+ 29. Kxf4 Rxf2+ 30. Ke3 Rxg2 31. h4 Ke5
32. Rf1 f4+ 33. Rxf4 Rg3+ 34. Kf2 Kxf4 35. Nf6 Bf3 36. b6 Rg2+ 37. Kf1 Rxb2
38. h5 a4 39. hxg6 a3 40. g7 a2 41. Nh5+ Ke3 42. g8=Q a1=Q# {White
checkmated} 0-1

[Event "ICC tourney 2063 (7 2)"]
[Site "Internet Chess Club"]
[Date "2020.10.16"]
[Round "7"]
[White "helavir"]
[Black "josechess99"]
[Result "0-1"]
[ICCResult "White resigns"]
[WhiteElo "2283"]
[BlackElo "2533"]
[Opening "Sicilian"]
[ECO "B54"]
[NIC "SI.01"]
[Time "22:32:09"]
[TimeControl "420+2"]

1. e4 c5 2. Nf3 d6 3. d4 cxd4 4. Nxd4 a6 5. Nc3 e6 6. Be3 b5 7. Qd2 Bb7 8.
f3 Nf6 9. g4 Nfd7 10. O-O-O Nb6 11. Ndxb5 axb5 12. Nxb5 Nc8 13. Qc3 Nc6 14.
a3 Rb8 15. Be2 Qf6 16. Nd4 N8a7 17. g5 Qe5 18. Qb3 Be7 19. f4 Qxe4 20. Bf3
Nxd4 21. Qa4+ Bc6 22. Bxe4 Bxa4 23. Bxd4 Nc6 24. Bxg7 Rg8 25. Bc3 Kd7 26.
Bxh7 Rgc8 27. Be4 d5 28. h4 Bd6 29. Bd3 Bxf4+ 30. Kb1 Be5 31. Bxe5 Nxe5 32.
Rh2 Bb5 33. Bxb5+ Rxb5 34. Rf1 Kd6 35. h5 Rcb8 36. b3 d4 37. Ka2 d3 38. Rd2
Ke7 39. cxd3 Rxb3 40. Rfd1 R3b5 41. Rc2 Nd7 42. g6 Rxh5 43. gxf7 Kxf7 44.
Rc7 Ke7 45. Rc2 Ra5 46. d4 Nb6 47. Rh1 Nd5 48. Rh7+ Kd6 49. Rc4 Nb4+ 50. Kb3
Nc6+ 51. Ka2 Rab5 52. Rh2 Ra8 53. Rb2 Rab8 54. Rbc2 R8b6 55. a4 Rd5 56. Rd2
Na5 57. Rc8 Rb4 58. Ka3 Rbxd4 59. Rxd4 Rxd4 60. Ra8 Nc6 61. a5 Kc5 62. a6 e5
63. Rb8 Rd1 64. Ka2 Rd7 65. Re8 Ra7 66. Kb3 Rxa6 67. Kc3 Ra3+ 68. Kd2 Kd4
69. Rd8+ Nxd8 {White resigns} 0-1